 Dungeon Crawl Stone Soup version 0.29-a0-8-g0446c0dae4 (webtiles) character file.

Game seed: 18387324740875485334

56 kae the Ruffian (level 3, 0/28 HPs)
             Began as a Draconian Transmuter on Jan 27, 2022.
             Slain by p0werm0de's ghost (14 damage)
             ... on level 3 of the Dungeon.
             The game lasted 00:00:57 (2406 turns).

kae the Ruffian (Draconian Transmuter)              Turns: 2406, Time: 00:00:58

Health: 0/28       AC:  2    Str: 12    XL:     3   Next: 69%
Magic:  4/6        EV: 19    Int: 15    God:
Gold:   67         SH:  0    Dex: 16    Spells: 2/6 levels left

rFire   . . .      SeeInvis .     - Unarmed
rCold   . . .      Faith    .   (shield currently unavailable)
rNeg    . . .      Spirit   .   (armour unavailable)
rPois   x          Reflect  .   (helmet currently unavailable)
rElec   .          Harm     .   (cloak currently unavailable)
rCorr   .          Rampage  .   (gloves currently unavailable)
Will    .....                   (boots currently unavailable)
Stlth   +.........              (no amulet)
HPRegen 0.09/turn               (no ring)
MPRegen 0.10/turn               (no ring)

@: spider-form (expiring)
A: venomous fangs, AC +5, tiny, unfitting armour, (cold-blooded)
a: End Transformation


You were on level 3 of the Dungeon.
You were a venomous arachnid creature.
You visited 1 branch of the dungeon, and saw 3 of its levels.

You collected 67 gold pieces.

Inventory:

Armour
 g - a +1 hat (melded)
Jewellery
 f - a ring of resist corrosion
Scrolls
 d - a scroll of magic mapping {unknown}
 h - a scroll of identify {unknown}
Potions
 a - 2 potions of degeneration {unknown}
 b - a potion of attraction {unknown}
 c - a potion of curing {unknown}
 e - a potion of cancellation {unknown}


   Skills:
 + Level 1.4 Fighting
 + Level 2.1 Dodging
 * Level 3.5 Unarmed Combat
 + Level 2.3 Spellcasting
 * Level 2.7 Transmutations
 * Level 0.3 Poison Magic


You had 2 spell levels left.
You knew the following spells:

 Your Spells              Type           Power      Damage    Failure   Level
a - Beastly Appendage     Tmut           18%        N/A       19%         1
b - Spider Form           Tmut/Pois      6%         N/A       56%         3

Your spell library contained the following spells:

 Spells                   Type           Power      Damage    Failure   Level
 Wereblood                Tmut           9%         N/A       26%         2
 Blink                    Tloc           2%         N/A       54%         2
 Gell's Gravitas          Tloc           1%         N/A       75%         3
 Lesser Beckoning         Tloc           1%         N/A       75%         3
 Teleport Other           Tloc           1%         N/A       75%         3
 Ice Form                 Ice/Tmut       5%         N/A       90%         4
 Manifold Assault         Tloc           1%         N/A       100%        5
 Dispersal                Tloc           0%         N/A       100%        6


Dungeon Overview and Level Annotations

Branches:
Dungeon (3/15)

Altars:

Shops:
D:1 [

Annotations:
D:3 p0werm0de's ghost, amateur VSFi


Innate Abilities, Weirdness & Mutations

You are a venomous arachnid creature.
You have poisonous fangs.
You are tiny and dextrous.
Your spellcasting is less reliable in this form.
Your armour is entirely melded.
You are incapable of wielding weapons or throwing items.
((Your plain brown scales are hard. (AC +5)))
You cannot fit into any form of body armour.
((You are cold-blooded and may be slowed by cold attacks.))


Message History

[Y]es or [N]o only, please.
The spell is extremely dangerous to miscast (34% risk of failure)!
Continue anyway?
You turn into a venomous arachnid creature.
Your +1 hat melds into your body.
Okay, then.
You open the door. You hit p0werm0de's ghost.
P0werm0de's ghost is lightly damaged.
P0werm0de's ghost completely misses you.
You hit p0werm0de's ghost but do no damage.
P0werm0de's ghost is lightly damaged.
P0werm0de's ghost barely misses you.
You hit p0werm0de's ghost.
P0werm0de's ghost is lightly damaged.
P0werm0de's ghost barely misses you.
You hit p0werm0de's ghost but do no damage.
P0werm0de's ghost is lightly damaged.
Your transformation is almost over.
P0werm0de's ghost hits you but does no damage.
You hit p0werm0de's ghost.
P0werm0de's ghost is moderately damaged.
P0werm0de's ghost misses you.
You hit p0werm0de's ghost.
P0werm0de's ghost is heavily damaged.
P0werm0de's ghost closely misses you.
You hit p0werm0de's ghost but do no damage.
P0werm0de's ghost is heavily damaged.
P0werm0de's ghost completely misses you.
You barely miss p0werm0de's ghost.
P0werm0de's ghost is heavily damaged.
P0werm0de's ghost hits you!
You hit p0werm0de's ghost but do no damage.
P0werm0de's ghost is heavily damaged.
P0werm0de's ghost says, "You can hit me, but you can't hurt me."
P0werm0de's ghost hits you.
You closely miss p0werm0de's ghost.
P0werm0de's ghost is heavily damaged.
P0werm0de's ghost hits you!
Ouch! That really hurt!
You die...

....### #############.....>...#
###.######### #.........#
#.........#########.....#####
#####.....................#
...............##########.#######
..........###...## #........
.........##⌠##...## #########
#####...##...##...## #
#..##..!..##s..# #
#..#⌠..♣...W...# ########
#..##..?..##...# #†#.....
#...##...##....#######.#.####
##...##⌠##...#.........#.##..
#....###...####.#######....#
######.#.......#.......# #####.
.......##.....##.##.##.# #.
.......#########.##..#.#########.


You could see p0werm0de's ghost.

Vanquished Creatures
  3 ball pythons
  4 endoplasms
  2 giant cockroaches
  3 goblins
  8 hobgoblins
  4 jackals (D:1)
  6 kobolds
  2 quokkas (D:1)
  7 bats
  4 frilled lizards
  3 rats (D:3)
46 creatures vanquished.

Notes
Turn   | Place    | Note
-------+----------+-------------------------------------------
     0 | D:1      | kae the Draconian Transmuter began the quest for the Orb.
     0 | D:1      | Reached XP level 1. HP: 16/16 MP: 3/3
   256 | D:1      | Reached XP level 2. HP: 23/23 MP: 5/5
   765 | D:1      | Found Cadusej's Armour Emporium.
   982 | D:2      | Reached XP level 3. HP: 27/28 MP: 4/6
   986 | D:2      | Learned a level 3 spell: Spider Form
  1448 | D:3      | Found a runed translucent door.
  1449 | D:3      | Noticed p0werm0de's ghost (amateur VSFi)
  1818 | D:3      | Found a faded altar of an unknown god.
  2108 | D:3      | Identified the +6 hand axe of Ashenzari's Delight {holy,
                  | rElec Dex+3 Stlth+}
  2406 | D:3      | Slain by p0werm0de's ghost

Illustrated notes

Levels and vault maps discovered:
D:1:      psy_arrival_whirlpool, layout_rooms, serial_shops,
          nicolae_lakefront_shop
D:2:      layout_basic
D:3:      layout_basic, hellmonk_ghost_happy_afterlife, basic_ecumenical_altar

Skill      XL: |  1  2  3 |
---------------+----------+-----
Dodging        | 2 |  2.1
Fighting       | |  1.4
Unarmed Combat | |  3.5
Spellcasting   | |  2.3
Transmutations | |  2.7
Poison Magic   | |  0.3

Action                   || total
-------------------------++-------
Melee: Unarmed           ||   135
       Headbutt          ||    14
       Tailslap          ||    14
       Punch             ||     3
       Kick              ||    15
 Cast: Beastly Appendage ||    34
       Spider Form       ||     1
  Use: Scroll            ||     4
 Stab: Sleeping          ||     2
Armor: Skin              ||    38
Dodge: Dodged            ||   104

Table legend: (Time is in decaauts)
 A = Elapsed time spent in this place.
 B = Non-inter-level travel time spent in this place.
 C = Inter-level travel time spent in this place.
 D = Time resting spent in this place.
 E = Time spent auto-exploring this place.
 F = Levels seen in this place.
 G = Mean time per level.
                   A        B        C        D        E       F      G
               +--------+--------+--------+--------+--------+-----+--------+
         Total |   2401 |   2354 |     47 |      8 |   1976 |   3 |  800.3 |
       Dungeon |   2401 |   2354 |     47 |      8 |   1976 |   3 |  800.3 |
               +--------+--------+--------+--------+--------+-----+--------+

Top non-repeatable levels by time:
     D:3: 982 daAuts
     D:1: 804 daAuts
     D:2: 614 daAuts
